SAAA
HIALEAH DODOS @ JERSEY CITY SUN CAPS
06/16/2023
 
TOP OF THE 1ST
Hialeah Dodos batting - Pitching for Jersey City Sun Caps : RHP Tomás Gonzáles
Pitching: RHP Tomás Gonzáles
Batting: LHB Jeff Conklin 0-0: Ball
1-0: Ball
2-0: Ground out 2-3 (Groundball, 2L)
Batting: RHB Lorenzo Ramírez 0-0: Foul Ball, location: 2F
0-1: Fly out, F2 (Popup, 2RF)
Batting: LHB Álex Burgos 0-0: Ball
1-0: Ball
2-0: Foul Ball, location: 2F
2-1: Foul Ball, location: 2F
2-2: Ball
3-2: Foul Ball, location: 2F
3-2: Base on Balls
Batting: RHB Ramón Gómez 0-0: Ball
1-0: SINGLE (Groundball, 56D)
Álex Burgos to second
Batting: LHB Alfonso Núñez 0-0: Fly out, F2 (Popup, 2LF)
Top of the 1st over - 0 run(s), 1 hit(s), 0 error(s), 2 left on base; Hialeah 0 - Jersey City 0
BOTTOM OF THE 1ST
Jersey City Sun Caps batting - Pitching for Hialeah Dodos : RHP Jim Unknown
Pitching: RHP Jim Unknown
Batting: RHB Brett Callison 0-0: Ball
1-0: Called Strike
1-1: Ball
2-1: Fly out, F8 (Line Drive, 8RS)
Batting: RHB Brandon Reed 0-0: Called Strike
0-1: Ground out 5-3 (Groundball, 5S)
Batting: LHB Marlon Randall 0-0: Foul Ball, location: 2F
0-1: Foul Ball, location: 2F
0-2: Ground out 4-3 (Groundball, 4)
Bottom of the 1st over - 0 run(s), 0 hit(s), 0 error(s), 0 left on base; Hialeah 0 - Jersey City 0
TOP OF THE 2ND
Hialeah Dodos batting - Pitching for Jersey City Sun Caps : RHP Tomás Gonzáles
Batting: SHB Esteban Márquez 0-0: Swinging Strike
0-1: Ball
1-1: Ball
2-1: SINGLE (Line Drive, 9S)
Batting: RHB Javier Santos 0-0: Ball
1-0: Ball
2-0: Ball
3-0: Called Strike
3-1: Swinging Strike
3-2: SINGLE (Groundball, 6MD)
Esteban Márquez to second
Batting: LHB Jeremiah Spencer 0-0: Called Strike
0-1: Ball
1-1: 3-RUN HOME RUN (Line Drive, 9D), Distance : 385 ft
Batting: RHB Gerald Sims 0-0: Ball
1-0: Foul Ball, location: 2F
1-1: Ball
2-1: Ball
3-1: Called Strike
3-2: SINGLE (Groundball, 56D)
Batting: LHB Jeff Conklin 0-0: Called Strike
0-1: Swinging Strike
0-2: Ball
1-2: Ball
2-2: 2-RUN HOME RUN (Flyball, 7D), Distance : 370 ft
Batting: RHB Lorenzo Ramírez 0-0: Fly out, F7 (Flyball, 7M)
Batting: LHB Álex Burgos 0-0: Ball
1-0: Ball
2-0: Fly out, F3 (Popup, 23F)
Batting: RHB Ramón Gómez 0-0: Ground out 6-3 (Groundball, 6S)
Top of the 2nd over - 5 run(s), 5 hit(s), 0 error(s), 0 left on base; Hialeah 5 - Jersey City 0
BOTTOM OF THE 2ND
Jersey City Sun Caps batting - Pitching for Hialeah Dodos : RHP Jim Unknown
Batting: LHB Miguel Martínez 0-0: Ball
1-0: Called Strike
1-1: SINGLE (Line Drive, 34)
Batting: RHB Tony Quintana 0-0: Fly out, F9 (Flyball, 9S)
Batting: LHB Harlan Price 0-0: Ball
1-0: Ball
2-0: Ball
3-0: Base on Balls
Miguel Martínez to second
Batting: SHB Dominique Prost 0-0: Called Strike
0-1: Ball
1-1: Ball
2-1: Ball
3-1: Foul Ball, location: 2F
3-2: Foul Ball, location: 2F
3-2: Foul Ball, location: 2F
3-2: Strikes out swinging
Batting: RHB Christian O'Dell 0-0: Foul Ball, location: 2F
0-1: Ball
1-1: Ground out 1-3 (Groundball, 13S)
Bottom of the 2nd over - 0 run(s), 1 hit(s), 0 error(s), 2 left on base; Hialeah 5 - Jersey City 0
TOP OF THE 3RD
Hialeah Dodos batting - Pitching for Jersey City Sun Caps : RHP Tomás Gonzáles
Batting: LHB Alfonso Núñez 0-0: Ground out U3 (Groundball, 3)
Batting: SHB Esteban Márquez 0-0: Foul Ball, location: 2F
0-1: Ball
1-1: Ground out 4-3 (Groundball, 4M)
Batting: RHB Javier Santos 0-0: Called Strike
0-1: DOUBLE (Flyball, 9M)
Batting: LHB Jeremiah Spencer 0-0: Called Strike
0-1: Foul Ball, location: 2F
0-2: SINGLE (Groundball, 4MD) (infield hit)
Javier Santos to third
Batting: RHB Gerald Sims 0-0: Ball
1-0: Called Strike
1-1: Swinging Strike
1-2: Ball
2-2: SINGLE (Groundball, 6M)
Javier Santos scores
Jeremiah Spencer to second
Runner from 2nd tries for 3rd, SAFE, throw made to third
Batting: LHB Jeff Conklin 0-0: Foul Ball, location: 2F
0-1: Ground out U3 (Groundball, 3S)
Top of the 3rd over - 1 run(s), 3 hit(s), 0 error(s), 2 left on base; Hialeah 6 - Jersey City 0
BOTTOM OF THE 3RD
Jersey City Sun Caps batting - Pitching for Hialeah Dodos : RHP Jim Unknown
Batting: LHB David Martínez 0-0: Ball
1-0: Ball
2-0: Called Strike
2-1: Ball
3-1: Ground out 4-3 (Groundball, 13)
Batting: RHB Brett Callison 0-0: Ball
1-0: Fly out, F8 (Flyball, 8RM)
Batting: RHB Brandon Reed 0-0: Fly out, F7 (Line Drive, 7D)
Bottom of the 3rd over - 0 run(s), 0 hit(s), 0 error(s), 0 left on base; Hialeah 6 - Jersey City 0
TOP OF THE 4TH
Hialeah Dodos batting - Pitching for Jersey City Sun Caps : RHP Tomás Gonzáles
Pitching: LHP Tommy Blevins
Batting: RHB Lorenzo Ramírez 0-0: Called Strike
0-1: Ground out 5-3 (Groundball, 5S)
Batting: LHB Álex Burgos 0-0: Foul Ball, location: 2F
0-1: Ball
1-1: Ball
2-1: Ground out 4-3 (Groundball, 4)
Batting: RHB Ramón Gómez 0-0: Ball
1-0: Ball
2-0: Foul Ball, location: 2F
2-1: Swinging Strike
2-2: Foul Ball, location: 2F
2-2: Ball
3-2: Ground out 6-3 (Groundball, 56)
Top of the 4th over - 0 run(s), 0 hit(s), 0 error(s), 0 left on base; Hialeah 6 - Jersey City 0
BOTTOM OF THE 4TH
Jersey City Sun Caps batting - Pitching for Hialeah Dodos : RHP Jim Unknown
Batting: LHB Marlon Randall 0-0: Called Strike
0-1: Foul Ball, location: 2F
0-2: Foul Ball, location: 2F
0-2: SOLO HOME RUN (Line Drive, 89XD), Distance : 433 ft
Batting: LHB Miguel Martínez 0-0: Foul Ball, location: 2F
0-1: Ground out 4-3 (Groundball, 4)
Batting: RHB Tony Quintana 0-0: Ball
1-0: Called Strike
1-1: Ball
2-1: Foul Ball, location: 2F
2-2: Ground out 5-3 (Groundball, 56)
Batting: LHB Harlan Price 0-0: Ball
1-0: Ball
2-0: Ball
3-0: Base on Balls
Batting: SHB Dominique Prost 0-0: Ball
1-0: Fly out, F7 (Flyball, 7LM)
Bottom of the 4th over - 1 run(s), 1 hit(s), 0 error(s), 1 left on base; Hialeah 6 - Jersey City 1
TOP OF THE 5TH
Hialeah Dodos batting - Pitching for Jersey City Sun Caps : LHP Tommy Blevins
Batting: LHB Alfonso Núñez 0-0: Ground out 6-3 (Groundball, 6M)
Batting: SHB Esteban Márquez 0-0: Ball
1-0: Ball
2-0: Fly out, F7 (Flyball, 7M)
Batting: RHB Javier Santos 0-0: Foul Ball, location: 2F
0-1: Ball
1-1: Called Strike
1-2: Fly out, F9 (Flyball, 9S)
Top of the 5th over - 0 run(s), 0 hit(s), 0 error(s), 0 left on base; Hialeah 6 - Jersey City 1
BOTTOM OF THE 5TH
Jersey City Sun Caps batting - Pitching for Hialeah Dodos : RHP Jim Unknown
Batting: RHB Christian O'Dell 0-0: Swinging Strike
0-1: Swinging Strike
0-2: Ball
1-2: Ball
2-2: Strikes out looking
Batting: LHB David Martínez 0-0: Ball
1-0: SINGLE (Flyball, 78M)
Batting: RHB Brett Callison 0-0: Ball
1-0: Called Strike
1-1: Called Strike
1-2: Fly out, F8 (Flyball, 8LS)
Batting: RHB Brandon Reed 0-0: Ground out 5-3 (Groundball, 5L)
Bottom of the 5th over - 0 run(s), 1 hit(s), 0 error(s), 1 left on base; Hialeah 6 - Jersey City 1
TOP OF THE 6TH
Hialeah Dodos batting - Pitching for Jersey City Sun Caps : LHP Tommy Blevins
Batting: LHB Jeremiah Spencer 0-0: Foul Ball, location: 2F
0-1: Swinging Strike
0-2: Ball
1-2: Strikes out swinging
Batting: RHB Gerald Sims 0-0: Called Strike
0-1: Ball
1-1: Ball
2-1: Foul Ball, location: 2F
2-2: Foul Ball, location: 2F
2-2: Foul Ball, location: 2F
2-2: Foul Ball, location: 2F
2-2: SINGLE (Groundball, 4M)
Batting: LHB Jeff Conklin 0-0: Called Strike
0-1: SINGLE (Groundball, 25) (infield hit)
Gerald Sims to second
Batting: RHB Lorenzo Ramírez 0-0: Grounds into double play, 4-6-3 (Groundball, 34)
Top of the 6th over - 0 run(s), 2 hit(s), 0 error(s), 1 left on base; Hialeah 6 - Jersey City 1
BOTTOM OF THE 6TH
Jersey City Sun Caps batting - Pitching for Hialeah Dodos : RHP Jim Unknown
Batting: LHB Marlon Randall 0-0: Foul Ball, location: 2F
0-1: Fly out, F9 (Flyball, 9M)
Batting: LHB Miguel Martínez 0-0: Ball
1-0: Swinging Strike
1-1: Ground out 4-3 (Groundball, 34)
Batting: RHB Tony Quintana 0-0: Ball
1-0: Ball
2-0: Ball
3-0: Called Strike
3-1: Base on Balls
Batting: LHB Harlan Price 0-0: Called Strike
0-1: Swinging Strike
0-2: Fly out, F7 (Flyball, 7M)
Bottom of the 6th over - 0 run(s), 0 hit(s), 0 error(s), 1 left on base; Hialeah 6 - Jersey City 1
TOP OF THE 7TH
Hialeah Dodos batting - Pitching for Jersey City Sun Caps : LHP Tommy Blevins
Batting: LHB Álex Burgos 0-0: Foul Ball, location: 2F
0-1: Swinging Strike
0-2: Ball
1-2: Strikes out swinging
Batting: RHB Ramón Gómez 0-0: Ball
1-0: Ball
2-0: Called Strike
2-1: Called Strike
2-2: Ball
3-2: Ground out 4-3 (Groundball, 4MS)
Batting: LHB Alfonso Núñez 0-0: Called Strike
0-1: Called Strike
0-2: Ball
1-2: Ball
2-2: Foul Ball, location: 2F
2-2: Ball
3-2: Ground out 4-3 (Groundball, 4M)
Top of the 7th over - 0 run(s), 0 hit(s), 0 error(s), 0 left on base; Hialeah 6 - Jersey City 1
BOTTOM OF THE 7TH
Jersey City Sun Caps batting - Pitching for Hialeah Dodos : RHP Jim Unknown
Batting: SHB Dominique Prost 0-0: Called Strike
0-1: Called Strike
0-2: Ball
1-2: Ball
2-2: Fly out, F8 (Flyball, 8LM)
Batting: RHB Christian O'Dell 0-0: Ball
1-0: Ball
2-0: Ball
3-0: Base on Balls
Batting: LHB David Martínez 0-0: Ball
1-0: Ball
2-0: Grounds into double play, 4-6-3 (Groundball, 34)
Bottom of the 7th over - 0 run(s), 0 hit(s), 0 error(s), 0 left on base; Hialeah 6 - Jersey City 1
TOP OF THE 8TH
Hialeah Dodos batting - Pitching for Jersey City Sun Caps : LHP Tommy Blevins
Pitching: LHP Denver Johnston
Batting: SHB Esteban Márquez 0-0: Foul Ball, location: 2F
0-1: Ground out 4-3 (Groundball, 4M)
Batting: RHB Javier Santos 0-0: Ground out 5-3 (Groundball, 5S)
Batting: LHB Jeremiah Spencer 0-0: Called Strike
0-1: Ball
1-1: Ball
2-1: Ball
3-1: Base on Balls
Batting: RHB Gerald Sims 0-0: Ball
1-0: SINGLE (Line Drive, 9S)
Jeremiah Spencer to second
Runner from 2nd tries for 3rd, SAFE, no throw or cutoff
Batting: LHB Jeff Conklin 0-0: Swinging Strike
0-1: Foul Ball, location: 2F
0-2: Ball
1-2: Ground out 4-3 (Groundball, 34)
Top of the 8th over - 0 run(s), 1 hit(s), 0 error(s), 2 left on base; Hialeah 6 - Jersey City 1
BOTTOM OF THE 8TH
Jersey City Sun Caps batting - Pitching for Hialeah Dodos : RHP Jim Unknown
Batting: RHB Brett Callison 0-0: Swinging Strike
0-1: Ground out 6-3 (Groundball, 56)
Batting: RHB Brandon Reed 0-0: Foul Ball, location: 2F
0-1: Ball
1-1: Foul Ball, location: 2F
1-2: Ground out 4-3 (Groundball, 4)
Batting: LHB Marlon Randall 0-0: Ball
1-0: Foul Ball, location: 2F
1-1: Foul Ball, location: 2F
1-2: Foul Ball, location: 2F
1-2: Foul Ball, location: 2F
1-2: Foul Ball, location: 2F
1-2: Ball
2-2: DOUBLE (Flyball, 78XD)
Batting: LHB Miguel Martínez 0-0: 2-RUN HOME RUN (Flyball, 89XD), Distance : 436 ft
Batting: RHB Tony Quintana 0-0: Swinging Strike
0-1: DOUBLE (Line Drive, 9LM)
Batting: LHB Harlan Price 0-0: Ground out 3-1 (Groundball, 34)
Bottom of the 8th over - 2 run(s), 3 hit(s), 0 error(s), 1 left on base; Hialeah 6 - Jersey City 3
TOP OF THE 9TH
Hialeah Dodos batting - Pitching for Jersey City Sun Caps : LHP Denver Johnston
Pitching: RHP Jim Unknown
Batting: RHB Lorenzo Ramírez 0-0: Ball
1-0: Called Strike
1-1: Swinging Strike
1-2: Ball
2-2: Reached on error, E5 (Groundball, 5S)
Batting: LHB Álex Burgos 0-0: Swinging Strike
0-1: Ball
1-1: Foul Ball, location: 2F
1-2: Strikes out swinging
Batting: RHB Ramón Gómez 0-0: Called Strike
0-1: Fielders Choice at 2nd, 5-4 (Groundball, 5)
Batting: LHB Alfonso Núñez 0-0: DOUBLE (Line Drive, 3L)
Ramón Gómez to third
Runner from 3rd tries for Home, SAFE, no throw or cutoff
Batting: SHB Esteban Márquez 0-0: Swinging Strike
0-1: Foul Ball, location: 2F
0-2: Foul Ball, location: 2F
0-2: Strikes out swinging
Top of the 9th over - 1 run(s), 1 hit(s), 1 error(s), 1 left on base; Hialeah 7 - Jersey City 3
BOTTOM OF THE 9TH
Jersey City Sun Caps batting - Pitching for Hialeah Dodos : RHP Jim Unknown
Batting: SHB Dominique Prost 0-0: Called Strike
0-1: Foul Ball, location: 2F
0-2: Ball
1-2: SINGLE (Line Drive, 9LM)
Batting: RHB Christian O'Dell 0-0: Ball
1-0: Called Strike
1-1: Foul Ball, location: 2F
1-2: Strikes out swinging
Pitching: RHP Jim Unknown
Batting: LHB David Martínez 0-0: Called Strike
0-1: Swinging Strike
0-2: Ball
1-2: Foul Ball, location: 2F
1-2: Fly out, F9 (Flyball, 89M)
Batting: RHB Brett Callison 0-0: Swinging Strike
0-1: Called Strike
0-2: Ball
1-2: Strikes out swinging
Bottom of the 9th over - 0 run(s), 1 hit(s), 0 error(s), 1 left on base; Hialeah 7 - Jersey City 3
This league is powered by Out of the Park Baseball, the baseball management simulation game for PC, Mac and Linux
Friday, July 8th, 2016 - OOTP Baseball 16.9 Build 39